 Dungeon Crawl Stone Soup version 0.30-a0-778-g2ef04afb54 (webtiles) character file.

Game seed: 8634022554110416763

9619 Zenkrye the Spear-Bearer (level 11, -7/80 (81) HPs)
             Began as a Human Cinder Acolyte on Feb 16, 2023.
             Was a High Priest of Ignis.
             Mangled by a tentacled monstrosity (15 damage)
             ... on level 2 of the Abyss.
             The game lasted 00:49:28 (12840 turns).

Zenkrye the Spear-Bearer (Human Cinder Acolyte)    Turns: 12840, Time: 00:49:29

HP:   -7/80 (81)    AC:  4    Str: 17      XL:     11   Next: 77%
MP:   15/15         EV: 20    Int: 12 (13) God:    Ignis [*****.]
Gold: 234           SH: 10    Dex:  8      Spells: 13/16 levels left

rFire   + . .      SeeInvis .    a - +2 trident (freeze)
rCold   x x .      Faith    .    R - +2 kite shield
rNeg    . . .      Spirit   .    s - +0 ring mail
rPois   .          Reflect  .    (no helmet)
rElec   .          Harm     .    i - +0 cloak
rCorr   .          Rampage  .    f - +0 pair of gloves
Will    .....                    (no boots) Stlth
                                 m - amulet of regeneration
HPRegen 1.13/turn                V - +5 ring of evasion
MPRegen 0.14/turn                v - +5 ring of evasion

@: about to teleport, lightly drained
A: [deformed body], [deterioration 2], [dopey 2], [no potion heal 2], [cold
vulnerability 2]
a: Renounce Religion, Fiery Armour, Foxfire Swarm, Rising Flame


You were on level 2 of the Abyss.
You worshipped Ignis.
Ignis was extremely pleased with you.
You visited 1 branch of the dungeon, and saw 9 of its levels.
You visited the Abyss 1 time.
You also visited: Sewer.

You collected 633 gold pieces.
You spent 399 gold pieces at shops.

Inventory:

Hand Weapons
 a - a +2 trident of freezing (weapon)
 e - a +0 sling
 j - a +0 trident of flaming
 G - the +6 shortbow "Saiqatterch" {drain, Int+2}
   (You took it off a centaur warrior on level 7 of the Dungeon)

   Int:       It affects your intelligence (+2).
 I - a +3 spear of freezing
Missiles
 o - 3 throwing nets (quivered) {!f}
Armour
 f - a +0 pair of gloves (worn)
 i - a +0 cloak (worn)
 s - a +0 ring mail (worn)
 R - a +2 kite shield (worn)
Jewellery
 l - a ring of flight
 m - an amulet of regeneration (around neck)
 n - a ring of positive energy
 q - a ring of see invisible
 r - a ring of resist corrosion
 v - a +5 ring of evasion (right hand)
 M - an amulet of reflection
 V - a +5 ring of evasion (left hand)
Wands
 g - a wand of paralysis (4)
 B - a wand of light (4)
 D - a wand of mindburst (1)
 N - a wand of roots (9)
Scrolls
 d - 2 scrolls of immolation
 k - 2 scrolls of poison
 w - 3 scrolls of enchant armour
 y - 3 scrolls of teleportation {@r3}
 z - a scroll of magic mapping
 A - a scroll of blinking {@r4}
 F - a scroll of butterflies
 H - 2 scrolls of vulnerability
 J - 3 scrolls of fog
 L - 2 scrolls of brand weapon
 O - 4 scrolls of amnesia
 P - a scroll of fear
Potions
 b - 2 potions of cancellation
 c - 6 potions of flight
 h - a potion of attraction
 p - 5 potions of haste {@q3}
 t - 2 potions of resistance {@q6}
 u - 2 potions of brilliance
 x - 4 potions of curing {@q1}
 C - a potion of mutation
 K - a potion of heal wounds {@q2}
 Q - a potion of magic
Miscellaneous
 E - a piece from Xom's chessboard (15/15)


   Skills:
 + Level 6.0 Fighting
 + Level 9.8 Polearms
 + Level 7.2 Dodging
 + Level 6.0 Shields
 - Level 3.0 Spellcasting
 + Level 2.4 Conjurations
 + Level 8.7 Fire Magic
 - Level 5.0 Evocations


You had 13 spell levels left.
You knew the following spells:

 Your Spells              Type           Power      Damage    Failure   Level
a - Scorch                Fire           44%        2d7       5%          2
b - Magic Dart            Conj           28%        1d4       43%         1

Your spell library contained the following spells:

 Spells                   Type           Power      Damage    Failure   Level
 Call Imp                 Summ           1%         N/A       88%         2
 Mephitic Cloud           Conj/Pois/Air  3%         N/A       95%         3
 Summon Lightning Spire   Summ/Air       1%         N/A       100%        4
 Storm Form               Tmut/Air       0%         N/A       100%        7
 Maxwell's Capacitive Co  Air            0%         ∞         100%        8


Dungeon Overview and Level Annotations

Branches:
Dungeon (9/15)             Temple (0/1) D:7            Lair (0/5) D:9
  Sewer (visited)
    Orc: D:9-12

Altars:
Cheibriados
Hepliaklqana
Kikubaaqudgha
Makhleb
Nemelex Xobeh
Trog
Uskayaw
Vehumet
Xom
Yredelemnul
Zin

Shops:
D:1 =   D:2 ***

Annotations:
D:3 Grinder
D:5 2 runed translucent doors, Esekla's ghost, weakling OpDe
D:6 1 runed translucent door, FalseProphet's ghost, novice DsGl
D:9 Erolcha


Innate Abilities, Weirdness & Mutations

[Armour fits poorly on your strangely shaped body.]
[Your body often deteriorates upon taking damage.]
[You are very dopey. (Int -4)]
[Potions cannot restore your health.]
[You are very vulnerable to cold. (rC--)]


Message History

This branch contains the abyssal rune of Zot.
A wretched star comes into view.
Found a gateway leading deeper into the Abyss.
A tentacled monstrosity comes into view.
As you read the scroll of teleportation {@r3}, it crumbles to dust.
You feel strangely unstable.
You feel the power of the Abyss delaying your translocation!
The wretched star pulses with an eldritch light!
Your system partially rejects the healing effects of potions.
Your system completely rejects the healing effects of potions.
The wretched star pulses with an eldritch light!
You feel vulnerable to cold. x2
The wretched star glows turbulently.
The lance of force hits you!!
The wretched star pulses with an eldritch light!
You feel stupid. x2
The wretched star pulses with an eldritch light!
You feel yourself wasting away.
You feel your body start to fall apart.
Your body twists and deforms.
The tentacled monstrosity attacks as you move away!
The tentacled monstrosity tentacle-slaps you!
Your body deteriorates!
You feel dopey.
The tentacled monstrosity tentacle-slaps you!
The tentacled monstrosity barely misses you.
You block the tentacled monstrosity's attack.
The tentacled monstrosity attacks as you move away!
The tentacled monstrosity closely misses you.
The tentacled monstrosity tentacle-slaps you.
The tentacled monstrosity barely misses you.
The tentacled monstrosity misses you.
The tentacled monstrosity attacks as you move away!
The tentacled monstrosity tentacle-slaps you.
The tentacled monstrosity tentacle-slaps you but does no damage.
The tentacled monstrosity tentacle-slaps you!
* * * LOW HITPOINT WARNING * * *
The tentacled monstrosity attacks as you move away!
The tentacled monstrosity tentacle-slaps you!
* * * LOW HITPOINT WARNING * * *
The tentacled monstrosity tentacle-slaps you!
You die...

# ...# ...# # # #.
..#
#.##.#.###.#>..#
#..#
#.#.#*..#..*...#
#........#.#.##...#
####.. #####..#.#.#
.....#..#..#...#
....
.....#*.###...#
####.....#
##X#..#.# #.#..#.
#..@.#....
##.#........#.# # .
..#....#.##.# .. .#
.. #.##... ...
.....# .. ..
#........ ..... .#
.... ..... .. ....
...... . .......


You could see a tentacled monstrosity and a wretched star.

Vanquished Creatures
  2 centaur warriors
  A two-headed ogre (D:9)
  2 hornets
  9 yaks
  4 wyverns (D:9)
  A steam dragon (D:6)
  4 fire bats (D:8)
  10 water moccasins
  2 orc warriors
  4 ice beasts
  4 sky beasts
  3 ogres
  A centaur (D:9)
  A phantom (D:3)
  4 bullfrogs
  3 scorpions
  2 gnoll sergeants
  A necrophage (D:8)
  12 wights
  2 killer bees
  2 electric eels (D:7)
  2 howler monkeys (D:8)
  A crimson imp (D:5)
  5 hounds
  2 jellies
  3 orc priests
  Jessica (D:3)
  8 iguanas
  3 orc wizards
  A mummy (D:6)
  12 adders
  16 gnolls
  6 river rats
  A shadow imp (D:7)
  8 white imps
  An ufetubus (D:5)
  3 worms (Sewer)
  A dart slug (D:3)
  16 orcs
  12 ball pythons
  14 bats
  9 endoplasms
  7 giant cockroaches
  7 goblins
  5 hobgoblins
  4 jackals (Sewer)
  A quokka (D:2)
  15 frilled lizards
  10 kobolds
  5 rats
253 creatures vanquished.

Vanquished Creatures (others)
  A fungus (D:9)
  22 plants
  5 toadstools (D:1)
28 creatures vanquished.

Grand Total: 281 creatures vanquished

Notes
Turn   | Place    | Note
-------+----------+-------------------------------------------
     0 | D:1      | Zenkrye the Human Cinder Acolyte began the quest for the
                  | Orb.
     0 | D:1      | Reached XP level 1. HP: 18/18 MP: 2/2
   114 | D:1      | Reached XP level 2. HP: 24/24 MP: 3/3
   117 | D:1      | Learned a level 2 spell: Scorch
   167 | D:1      | Found Ybadwobamm's Jewellery Shoppe.
   607 | D:2      | Found Puosm's Assorted Antiques.
   629 | D:2      | Reached XP level 3. HP: 29/29 MP: 1/4
   735 | D:2      | Found a radiant altar of Vehumet.
   802 | D:2      | Found Ixinokuc's Assorted Antiques.
   862 | D:2      | Reached skill level 4 in Polearms
  1118 | D:2      | Found a faded altar of an unknown god.
  1158 | D:2      | Found Hepeh's General Store.
  1557 | D:3      | Reached XP level 4. HP: 32/35 MP: 5/5
  1577 | D:3      | Found a large runed translucent door.
  1578 | D:3      | Found a large runed translucent door.
  1883 | D:3      | Reached skill level 1 in Shields
  1939 | D:3      | Noticed Jessica
  1994 | D:3      | Killed Jessica
  1995 | D:3      | Reached XP level 5. HP: 41/41 MP: 1/6
  2131 | D:3      | Found a basalt altar of Yredelemnul.
  2169 | D:3      | Noticed a phantom
  2516 | D:3      | Noticed Grinder
  2578 | D:4      | Found a glowing drain.
  2682 | Sewer    | Entered a sewer
  2822 | Sewer    | Reached XP level 6. HP: 47/47 MP: 8/8
  3399 | Sewer    | Reached skill level 5 in Polearms
  3736 | D:4      | Noticed an ogre
  3971 | D:4      | Reached XP level 7. HP: 52/52 MP: 3/10
  4065 | D:4      | Found a glowing silver altar of Zin.
  4256 | D:4      | Reached skill level 5 in Fire Magic
  4475 | D:5      | Entered Level 5 of the Dungeon
  4659 | D:5      | Reached XP level 8. HP: 58/58 MP: 4/11
  4974 | D:5      | Reached skill level 6 in Polearms
  5504 | D:5      | Found a runed translucent door.
  5510 | D:5      | Noticed Esekla's ghost (weakling OpDe)
  5829 | D:5      | Found a runed translucent door.
  5948 | D:5      | Reached skill level 1 in Dodging
  6272 | D:6      | Found a shimmering altar of Xom.
  6416 | D:6      | Reached skill level 5 in Shields
  6476 | D:6      | Found a snail-covered altar of Cheibriados.
  6530 | D:6      | Reached XP level 9. HP: 62/63 MP: 2/13
  6531 | D:6      | Found a runed translucent door.
  6683 | D:6      | Reached skill level 7 in Polearms
  6761 | D:6      | Found a burning altar of Makhleb.
  6831 | D:6      | Found a hide-covered altar of Uskayaw.
  7209 | D:7      | Found an ancient bone altar of Kikubaaqudgha.
  7248 | D:7      | Noticed a hornet
  7257 | D:7      | Killed a hornet
  7522 | D:7      | Noticed a centaur warrior
  7666 | D:7      | Reached skill level 8 in Polearms
  7666 | D:7      | Reached XP level 10. HP: 34/71 MP: 3/14
  7824 | D:7      | Reached skill level 1 in Evocations
  7868 | D:7      | Reached skill level 5 in Dodging
  8081 | D:7      | Identified the +6 shortbow "Saiqatterch" {drain, Int+2}
  8093 | D:7      | Killed a centaur warrior
  8323 | D:7      | Found a staircase to the Ecumenical Temple.
  8413 | D:7      | Found a hazy altar of Hepliaklqana.
  8977 | D:6      | Reached skill level 5 in Fighting
  9214 | D:6      | Found a shimmering altar of Xom.
  9214 | D:6      | Noticed a +1 flail of chaos
  9215 | D:6      | Noticed FalseProphet's ghost (novice DsGl)
  9418 | D:2      | Bought 3 scrolls of brand weapon for 399 gold pieces
  9738 | D:3      | Found a bloodstained altar of Trog.
  9742 | D:3      | Found a sparkling altar of Nemelex Xobeh.
 10164 | D:8      | Reached skill level 9 in Polearms
 10391 | D:8      | Noticed a centaur warrior
 10766 | D:8      | Reached XP level 11. HP: 72/79 MP: 13/15
 11127 | D:8      | Killed a centaur warrior
 11387 | D:8      | Learned a level 1 spell: Magic Dart
 11632 | D:9      | Paralysed by a hornet for 1 turns
 11911 | D:9      | Noticed a two-headed ogre
 11918 | D:9      | Killed a two-headed ogre
 11919 | D:9      | Reached skill level 1 in Conjurations
 11919 | D:9      | Reached skill level 5 in Evocations
 12738 | D:9      | Found a staircase to the Lair.
 12782 | D:9      | Noticed Erolcha
 12784 | Abyss:2  | Cast into level 2 of the Abyss (Erolcha)
 12820 | Abyss:2  | Noticed a wretched star
 12825 | Abyss:2  | Noticed a tentacled monstrosity
 12840 | Abyss:2  | Mangled by a tentacled monstrosity

Illustrated notes

Levels and vault maps discovered:
D:1:      ldierk_walled_garden, layout_rooms, serial_shops, shop,
          minmay_misc_feat_columns, solitary_fountain, minmay_lizard_pond
D:2:      layout_loops_cross, serial_shops, shop, shop, shop, basic_altar,
          serial_bayou, serial_bayou_pond_a, serial_bayou_lagoon_a,
          serial_bayou_crossing, serial_bayou_pond_a, serial_bayou_shore_b,
          serial_bayou_pond_d, hellmonk_ecumenical_altar_inner_sanctum
D:3:      layout_loops_ring, mainiacjoe_overflow_surrounded_room,
          jmf_multi_god_temple2, minmay_stone_trees_medium,
          kennysheep_orc_chapel, uniq_grinder, uniq_jessica
D:4:      layout_gridville, mainiacjoe_overflow_alcove_1,
          cheibrodos_sewer_entry_sluice
D:5:      layout_basic, ebering_ghost_sewer_f, minmay_fire_ice_demons
D:6:      layout_gridville, makhleb_heckhound_becter, chei_slow_surprise,
          mainiacjoe_overflow_boulevard, xom_redecorated, ebering_ghost_xom
D:7:      nzn_winding_woodlands_cross [nzn_winding_woodlands_5x15_cabin,
          nzn_winding_woodlands_5x15_pathside_ponds,
          nzn_winding_woodlands_5x15_river_crossing,
          nzn_winding_woodlands_5x15_crooked,
          nzn_winding_woodlands_15x15_eel_pit], layout_loops_ring,
          lemuel_crystal_altar, minmay_temple_entry_statues_pillars,
          minmay_ruined_shrine
D:8:      minmay_inner_zag, layout_basic, solitary_fountain,
          hangedman_incinerator
D:9:      layout_rooms, minmay_lair_entry_grove, uniq_erolcha
Abyss:2:  base:
D:6

Skill      XL: |  1  2  3  4  5  6  7  8  9 10 11 |
---------------+----------------------------------+-----
Polearms       | 4 5 6 8 9 |  9.8
Shields        | 1 2 3 5 6 |  6.0
Fire Magic     | 4 5 6 7 8 |  8.7
Spellcasting   | 2 3 |  3.0
Dodging        | 2 4 6 7 |  7.2
Fighting       | 5 6 |  6.0
Evocations     | 4 5 |  5.0
Conjurations   | 2 |  2.4

Action                     |  1- 3 |  4- 6 |  7- 9 | 10-12 || total
---------------------------+-------+-------+-------+-------++-------
  Melee: Spear             |   128 |   254 |   133 |    82 ||   597
         Unarmed           |       |     1 |       |       ||     1
         Trident           |       |       |       |   183 ||   183
   Fire: Sling             |       |       |    28 |    94 ||   122
   Cast: Scorch            |     1 |    38 |    97 |   138 ||   274
         Magic Dart        |       |       |       |    12 ||    12
  Evoke: Wand              |       |       |     2 |     3 ||     5
    Use: Scroll            |     9 |     4 |     5 |    11 ||    29
         Potion            |       |     3 |       |       ||     3
   Stab: Invisible         |       |     1 |     3 |       ||     4
 Armour: Robe              |     6 |    33 |       |       ||    39
         Scale mail        |    14 |     3 |       |       ||    17
         Ring mail         |       |     1 |    24 |    47 ||    72
  Dodge: Dodged            |    41 |   181 |   100 |   191 ||   513
  Block: Buckler           |       |    32 |    34 |    47 ||   113
         Kite shield       |       |       |       |    42 ||    42

Table legend: (Time is in decaauts)
 A = Elapsed time spent in this place.
 B = Non-inter-level travel time spent in this place.
 C = Inter-level travel time spent in this place.
 D = Time resting spent in this place.
 E = Time spent auto-exploring this place.
 F = Levels seen in this place.
 G = Mean time per level.
                   A        B        C        D        E       F      G
               +--------+--------+--------+--------+--------+-----+--------+
         Total |  12827 |  12133 |    694 |   1893 |   7442 |  11 | 1166.1 |
       Dungeon |  11830 |  11136 |    694 |   1796 |   6859 |   9 | 1314.4 |
         Abyss |     55 |     55 |      0 |      0 |     35 |   1 |   55.0 |
         Sewer |    941 |    941 |      0 |     97 |    548 |   1 |  941.0 |
               +--------+--------+--------+--------+--------+-----+--------+

Top non-repeatable levels by time:
     D:7: 2042 daAuts
     D:8: 1643 daAuts
     D:5: 1634 daAuts
     D:6: 1333 daAuts
     D:3: 1325 daAuts
     D:2: 1175 daAuts
     D:9: 1104 daAuts
     D:4: 1001 daAuts
   Sewer: 941 daAuts
     D:1: 570 daAuts
 Abyss:2: 55 daAuts
